 Dungeon Crawl Stone Soup version 0.19.1-1-g22dce08 (webtiles) character file.

0 Gargoyl the Skirmisher (level 1, -2/19 HPs)
             Began as a Ghoul Abyssal Knight on Jan 20, 2017.
             Was a Follower of Lugonu.
             Slain by a large abomination (21 damage)
             ... on level 2 of the Abyss.
             The game lasted 00:01:07 (182 turns).

Gargoyl the Skirmisher (Ghoul Abyssal Knight)        Turns: 182, Time: 00:01:08

Health: -2/19      AC:  3    Str: 15    XL:     1   Next: 0%
Magic:  1/1        EV: 11    Int:  7    God:    Lugonu [*.....]
Gold:   34         SH:  0    Dex:  8    Spells: 0 memorised, 0 levels left

rFire  . . .     SeeInvis .     a - +1 hand axe
rCold  + . .     Gourm    .     b - +0 leather armour
rNeg   + + +     Faith    .     (no shield)
rPois  ∞         Spirit   .     (no helmet)
rElec  .         Reflect  .     (no cloak)
rCorr  .         Harm     .     (no gloves)
MR     .....                    (no boots)
Stlth  +.........               (no amulet)
                                (no ring)
                                (no ring)

@: rotting
A: rotting body, claws 1, carnivore 3, cold resistance 1, negative energy
resistance 3, slow regeneration 1, torment resistance, unbreathing
a: Depart the Abyss, Renounce Religion


You were on level 2 of the Abyss.
You worshipped Lugonu.
Lugonu was aware of your devotion.
You were not hungry.

You visited 0 branches of the dungeon, and saw 0 of its levels.
You visited the Abyss 1 time.

You collected 34 gold pieces.

Inventory:

Hand Weapons
 a - a +1 hand axe (weapon)
Armour
 b - a +0 leather armour (worn)
Jewellery
 e - an uncursed ring of poison resistance {unknown}
Wands
 d - a wand of paralysis (0/24)
Comestibles
 c - a meat ration


   Skills:
 + Level 3.2 Fighting
 + Level 1.7 Axes
 + Level 1.7 Armour
 + Level 0.8 Dodging
 + Level 2.0 Invocations


You couldn't memorise any spells.
You didn't know any spells.

Dungeon Overview and Level Annotations

Branches:
Dungeon (0/15)

Altars:


Innate Abilities, Weirdness & Mutations

Your body is rotting away.
You thrive on raw meat.
You are immune to poison.
You have sharp fingernails.
You are carnivorous and can eat meat at any time.
Your flesh is cold resistant. (rC+)
You are immune to negative energy. (rN+++)
You regenerate slowly when monsters are visible.
You are immune to unholy pain and torment.
You can survive without breathing.


Message History

The ynoxinul suddenly stops moving!
Evoking this partially-identified wand wasted a few charges.
A large abomination comes into view.
Zapping:
d - a wand of paralysis {zapped: 7} (will waste charges)
Press: ? - help, Shift-Dir - straight line, f - large abomination
Aim: a large abomination (chance to defeat MR: 1%)
The large abomination resists with almost no effort.
Evoking this partially-identified wand wasted a few charges.
Zapping:
d - a wand of paralysis {zapped: 9} (will waste charges)
Press: ? - help, Shift-Dir - straight line, f/p - large abomination
Aim: a large abomination (chance to defeat MR: 1%)
The large abomination resists with almost no effort.
Evoking this partially-identified wand wasted a few charges.
You feel a little less agile now.
Zapping:
d - a wand of paralysis {zapped: 12} (will waste charges)
Press: ? - help, Shift-Dir - straight line, f/p - large abomination
Aim: a large abomination (chance to defeat MR: 1%) Nothing appears to happen.
The large abomination hits you!!
Ouch! That really hurt!
You die...

#..#...#..##
..#........ #
......#.#..# .
#..
..###...###..# #.
# # #....#.
.##..#.# ..#.
##...#... .%..#
.....###...#....#
#....X.##.#.##(#
..##..@..#.§##.##
# #....#.#...#
#### .
#.##.#.##### # #
## .###### ..#.##
. . # ...### .#.
# .#.. .. . . ..
.# ## #. ###..
.....## . .#.
##.#. .#.# ## #.
. ..#.# #


You could see a large abomination.

Vanquished Creatures (others)
  4 starspawn tentacles (Abyss:2)
4 creatures vanquished.

Notes
Turn   | Place    | Note
-------+----------+-------------------------------------------
     0 | Abyss:1  | Gargoyl the Ghoul Abyssal Knight began the quest for the Orb.
     0 | Abyss:1  | Reached XP level 1. HP: 19/19 MP: 1/1
     9 | Abyss:1  | Found a corrupted altar of Lugonu.
    70 | Abyss:2  | Noticed a raiju
   101 | Abyss:2  | Noticed a tentacled starspawn
   151 | Abyss:2  | Noticed a large abomination
   166 | Abyss:2  | Noticed a ynoxinul
   174 | Abyss:2  | Noticed a large abomination
   182 | Abyss:2  | Slain by a large abomination

Action                   || total
-------------------------++-------
Evoke: Wand              ||     5
  Use: Potion            ||     1
